Map: [ESL] Cosmic Sapphire

Players

HeroMarine

  • Race: Terran Terran
  • Spawn Location: 11:00

Zoun - Winner!

  • Race: Protoss Protoss
  • League: Diamond
  • Spawn Location: 5:00

Event: TSL 9

VOD

Have the link to the VOD?

Description

Time

  • Played on: Sept. 2, 2022, 10:48 a.m.
  • Length: 6:33

All games in this series

Show
View Real Time Build Order
Export as new Build Order

HeroMarine Terran 

Build Orders:  

Get SALT Encoding   

  12  0:00  SCV  
  13  0:12  SCV  
  14  0:17  Supply Depot  
  14  0:24  SCV  
  15  0:38  SCV  
  15  0:39  Barracks  
  16  0:43  Refinery  
  16  0:50  SCV  
  17  1:03  SCV  
  18  1:15  SCV  
  19  1:25  Barracks Reactor  
  19  1:27  Orbital Command  
  19  1:41  Command Center  
  19  1:52  Supply Depot, SCV  
  20  2:01  Marine x2  
  20  2:04  SCV  
  23  2:15  Factory  
  23  2:18  SCV  
  23  2:19  Marine x2  
  26  2:30  SCV  
  26  2:37  Marine x2  
  26  2:42  SCV  
  28  2:54  SCV  
  28  2:55  Marine x2  
  27  3:00  Orbital Command  
  27  3:04  Widow Mine  
  25  3:06  SCV  
  25  3:13  Marine x2  
  25  3:18  SCV  
  26  3:26  SCV  
  25  3:27  Factory Tech Lab  
  25  3:30  SCV  
  26  3:38  SCV  
  27  3:42  SCV  
  24  3:48  Cyclone  
  24  3:50  SCV  
  24  3:53  Marine  
  24  3:54  Marine  
  24  3:55  SCV  
  31  4:02  Barracks  
  31  4:03  SCV  
  31  4:07  SCV  
  33  4:11  Marine  
  33  4:12  Marine  
  33  4:15  SCV  
  33  4:19  SCV  
  33  4:27  SCV  
  33  4:29  Marine  
  33  4:30  Barracks  
  33  4:31  SCV  
  36  4:32  Marine  
  36  4:37  Factory Tech Lab  
  37  4:39  Bunker, SCV  
  37  4:43  SCV  
  39  4:47  Marine  
  39  4:49  Supply Depot  
  39  4:50  Marine  
  39  4:51  SCV  
  42  4:55  SCV  
  42  4:57  Marauder  
  45  5:01  Supply Depot  
  45  5:04  Engineering Bay, SCV  
  46  5:11  Marine x2, SCV  
  49  5:16  SCV  
  49  5:18  Marine  
  51  5:23  SCV  
  51  5:28  Supply Depot, SCV  
  53  5:30  Missile Turret  
  53  5:34  Marauder  
  52  5:36  Marine  
  52  5:37  Marauder, Marine  
  52  5:38  SCV  
  52  5:41  SCV  
  58  5:47  Refinery  
  58  5:48  Refinery  
  58  5:51  Supply Depot  
  58  5:54  SCV x2  
  58  5:56  Marine x2  
  62  5:58  Marine  
  62  6:00  Marine  
  62  6:03  Refinery  
  62  6:06  SCV x2  
  62  6:14  Marine x2  
  62  6:18  SCV  
Show
View Real Time Build Order
Export as new Build Order

Zoun Protoss - Winner!

Build Orders: Blink Stalkers 

Get SALT Encoding   

  12  0:00  Probe  
  13  0:12  Probe  
  14  0:18  Pylon  
  14  0:24  Probe  
  15  0:36  Probe  
  15  0:37  Gateway  
  16  0:45  Pylon  
  16  0:52  Assimilator  
  16  0:54  Probe  
  17  1:04  Gateway  
  17  1:08  Probe  
  18  1:20  Probe  
  18  1:25  Cybernetics Core  
  19  1:32  Probe  
  20  1:33  Zealot  
  22  1:59  Stalker (Chrono Boost)  
  22  2:00  Adept (Chrono Boost)  
  22  2:04  Warp Gate  
  26  2:19  Nexus  
  26  2:24  Stalker (Chrono Boost)  
  28  2:35  Pylon  
  28  2:45  Probe  
  28  2:46  Assimilator  
  29  2:57  Probe  
  28  3:09  Probe  
  29  3:14  Twilight Council  
  25  3:21  Probe  
  26  3:32  Probe (Chrono Boost)  
  28  3:34  Probe (Chrono Boost)  
  28  3:44  Probe (Chrono Boost)  
  28  3:45  Probe (Chrono Boost)  
  28  3:49  Probe (Chrono Boost)  
  28  3:51  Robotics Facility  
  28  3:52  Adept x2  
  28  3:53  Probe  
  34  3:57  Blink (Chrono Boost)  
  34  3:59  Probe  
  35  4:05  Probe  
  36  4:12  Probe  
  36  4:17  Probe  
  37  4:24  Probe  
  37  4:26  Stalker x2  
  37  4:28  Pylon  
  41  4:32  Probe  
  41  4:36  Probe  
  43  4:42  Warp Prism (Chrono Boost), Gateway x2  
  43  4:49  Probe x2  
  47  4:53  Pylon  
  47  4:57  Stalker  
  49  5:03  Probe x2  
  49  5:04  Assimilator  
  51  5:12  Pylon  
  51  5:14  Observer  
  52  5:18  Pylon  
  52  5:23  Stalker  
  52  5:26  Probe  
  55  5:40  Nexus  
  55  5:42  Stalker x3  
  61  5:46  Stalker  
  63  5:52  Probe x2  
  65  5:57  Assimilator  
  65  6:02  Pylon  
  65  6:05  Probe  
  66  6:14  Zealot x3  
  66  6:18  Stalker  
Tags
 
Add a new tag
Caveats
  • Supply blocks, unpowered buildings, or Contaminate may cause inaccurate times.
  • Supply counts are checked every 10 seconds.